 Dungeon Crawl Stone Soup version 0.18-a0-1702-gd20c6a5 (webtiles) character file.

5145 abixa the Grappler (level 10, -1/102 HPs)
             Began as a Troll Warper on Apr 7, 2016.
             Was a Priest of Okawaru.
             Slain by a five-headed hydra (7 damage)
             ... on level 9 of the Dungeon.
             The game lasted 00:30:54 (8295 turns).

abixa the Grappler (Troll Warper)                   Turns: 8295, Time: 00:30:54

Health: -1/102     AC:  7    Str: 27    XL:     10   Next: 33%
Magic:  2/11       EV: 10    Int: 14    God:    Okawaru [***...]
Gold:   398        SH:  3    Dex:  9    Spells: 4 memorised, 3 levels left

rFire  + . .     SeeInvis .       - Unarmed
rCold  . . .     Gourm    +     Y - +1 robe {rC+ rF+}
rNeg   . . .     Faith    .     (no shield)
rPois  +         Spirit   .     (helmet restricted)
rElec  +         Dismiss  .     P - +0 cloak
rCorr  .         Reflect  +     (gloves unavailable)
SustAt .         Harm     .     (boots unavailable)
MR     .....                    m - amulet of Dithmenos's Pride {Reflect rElec rC- Str+6 SH+3}
Stlth  +.........               l - ring of poison resistance
                                J - +2 ring of intelligence

@: very slightly contaminated, not resistant to hostile enchantments, very
unstealthy
A: unfitting armour, claws 3, fast metabolism 3, gourmand, regeneration 2,
shaggy fur 1, tough skin 2
a: Heroism, Renounce Religion


You were on level 9 of the Dungeon.
You worshipped Okawaru.
Okawaru was most pleased with you.
You were very full.

You visited 2 branches of the dungeon, and saw 10 of its levels.

You collected 398 gold pieces.

Inventory:

Hand Weapons
 a - a +0 blowgun
 q - a +0 halberd
 T - a +0 giant spiked club
Missiles
 g - 309 stones
 n - 15 tomahawks (quivered)
 x - 5 tomahawks of dispersal
 E - 32 poisoned needles
Armour
 P - a +0 cloak (worn)
 S - a +2 robe of fire resistance
 Y - a +1 robe of resistance (worn)
Jewellery
 l - a ring of poison resistance (right claw)
 m - the amulet of Dithmenos's Pride (around neck) {Reflect rElec rC- Str+6 SH+3}
   (You found it on level 7 of the Dungeon)

   [amulet of reflection]

   It shields you and reflects attacks.
   It affects your strength (+6).
   It makes you vulnerable to cold.
   It insulates you from electricity.
   It affects your SH (+3).
 u - an uncursed amulet of guardian spirit
 J - a +2 ring of intelligence (left claw)
 N - a +2 amulet of reflection
Wands
 U - a wand of iceblast (7/15)
 V - a wand of digging (7/24)
 W - a wand of enslavement (9/24)
 X - a wand of random effects (16/48)
Scrolls
 c - 2 scrolls of blinking
 d - 2 scrolls of noise {unknown}
 h - 7 scrolls of teleportation
 k - 3 scrolls of random uselessness {unknown}
 p - a scroll of enchant weapon {unknown}
 s - 3 scrolls of magic mapping
 v - 5 scrolls of remove curse
 w - 4 scrolls of immolation
 y - 4 scrolls of fog
 D - a scroll of enchant armour {unknown}
 I - a scroll of amnesia {unknown}
 K - 3 scrolls of fear {unknown}
 O - a scroll of summoning {unknown}
Potions
 e - 3 potions of invisibility {unknown}
 i - 4 potions of heal wounds
 j - 7 potions of curing
 t - 2 potions of haste {unknown}
 B - 3 potions of cancellation
 C - 3 potions of lignification {unknown}
 F - 3 potions of brilliance {unknown}
 G - 2 potions of mutation {unknown}
 H - a potion of agility {unknown}
 L - 2 potions of cure mutation {unknown}
Books
 b - a book of Spatial Translocations

   Spells                             Type                      Level
   a - Apportation                    Translocation                1
   b - Blink                          Translocation                2
   c - Shroud of Golubria             Charms/Translocation         2
   d - Portal Projectile              Translocation                3
   e - Teleport Other                 Translocation                3
   f - Passage of Golubria            Translocation                4
 r - a book of Geomancy

   Spells                             Type                      Level
   a - Sandblast                      Earth                        1
   b - Passwall                       Transmutation/Earth          2
   c - Stone Arrow                    Conjuration/Earth            3
   d - Petrify                        Transmutation/Earth          4
   e - Lee's Rapid Deconstruction     Earth                        5
Comestibles
 f - 8 bread rations
 o - 3 fruits
 z - a beef jerky
 A - 2 meat rations
 Q - 2 royal jellies
 R - 8 slices of pizza


   Skills:
 - Level 7.0 Fighting
 + Level 3.9 Throwing
 - Level 1.9 Dodging
 + Level 10.7 Unarmed Combat
 - Level 1.2 Spellcasting
 + Level 4.0 Translocations
 + Level 3.9 Invocations


You had 3 spell levels left.
You knew the following spells:

 Your Spells              Type           Power        Failure   Level  Hunger
a - Apportation           Tloc           ##........   6%          1    ##.....
b - Blink                 Tloc           N/A          10%         2    ###....
c - Shroud of Golubria    Chrm/Tloc      #.........   21%         2    ###....
d - Portal Projectile     Tloc           ##....       17%         3    ####...


Dungeon Overview and Level Annotations

Branches:
Dungeon (9/15)             Temple (1/1) D:5            Lair (0/8) D:8
    Orc: D:9-12

Altars:
Ashenzari
Cheibriados
Dithmenos
Elyvilon
Fedhas
Gozag
Kikubaaqudgha
Makhleb
Nemelex Xobeh
Okawaru
Pakellas
Qazlal
Ru
Sif Muna
Trog
Vehumet
Xom
Yredelemnul
Zin
The Shining One

Shops:
D:6 (

Annotations:
D:7 skk's ghost, novice MiFi
D:9 exclusion: oklob plant


Innate Abilities, Weirdness & Mutations

You are too large for most types of armour.
You have claws for hands.
Your metabolism is lightning-fast.
You like to eat raw meat.
You heal very quickly.
You are covered in fur (AC +1).
You have very tough skin (AC +2).


Message History

Unknown command.
Unknown command.
Unknown command.
Unknown command.
Casting: Blink
Confirm with . or Enter, or press ? or * to list all spells.
Okay, then.
Unknown command.
Casting: Blink
Confirm with . or Enter, or press ? or * to list all spells.
You miscast Blink.
You are very lightly contaminated with residual magic.
You spin around.
Casting: Blink
Confirm with . or Enter, or press ? or * to list all spells.
You miscast Blink.
You feel a wrenching sensation. The five-headed hydra bites you!
* * * LOW HITPOINT WARNING * * *
The five-headed hydra bites you!
You die...

....#.......##.....+
....#.......##.....#
....#........#.....#
....#........#.....#
....'........'.....#
....#........#.....#
..(.#.......##.....# .......#
....#.......##..D..##... #......#
....#.......##..@....... #......#
....#........#.....##... #......#
....#........#.....##+####......#
....'........#..>........+......#
....#.......##..........##......#
....#.......##..........##......#
....#........#..........D.......#
....#.......##.....##...........#
....#.......##.....##...........#


You could see a five-headed hydra.

Vanquished Creatures
  Erica (D:9)
  Pikel (D:4)
  The ghost of George the Shield-Bearer, a novice FoFi of Okawaru (D:5)
  Prince Ribbit (D:9)
  A wyvern (D:6)
  A human (D:8)
  Menkaure (D:4)
  2 orc warriors
  4 sky beasts
  An ice beast (D:8)
  A slave (D:4)
  2 ogres
  Blork the orc (D:6)
  A giant frog (D:8)
  14 wights
  The ghost of skk the Ducker, a weakling DsGl of Ru (D:3)
  3 howler monkeys
  3 crimson imps
  A giant frog zombie (D:6)
  A giant frog skeleton (D:5)
  2 hounds
  A jelly (D:5)
  7 orc wizards
  2 orc priests
  5 iguanas
  3 iron imps (D:3)
  Jessica (D:2)
  Natasha (thrice) (D:3)
  6 worker ants
  3 hound zombies
  A worker ant zombie (D:6)
  A gnoll (D:1)
  7 adders
  4 shadow imps
  2 oozes
  2 adder skeletons
  4 worms
  2 dart slugs (D:1)
  5 giant geckos
  28 orcs
  9 giant cockroaches
  11 goblins
  7 hobgoblins
  4 jackals (D:4)
  4 kobolds
  3 quokkas
  A ball python (D:1)
  11 bats
  A giant gecko zombie (D:5)
  7 giant newts
  A quokka skeleton (D:6)
  4 rats
  A plant (D:3)
195 creatures vanquished.

Vanquished Creatures (others)
  A plant (D:9)
1 creature vanquished.

Grand Total: 196 creatures vanquished

Notes
Turn   | Place    | Note
--------------------------------------------------------------
     0 | D:1      | abixa the Troll Warper began the quest for the Orb.
     0 | D:1      | Reached XP level 1. HP: 19/19 MP: 1/1
   185 | D:1      | Reached XP level 2. HP: 23/27 MP: 2/2
   282 | D:1      | Reached skill level 3 in Unarmed Combat
   471 | D:1      | Reached XP level 3. HP: 33/33 MP: 3/3
   868 | D:2      | Reached skill level 4 in Unarmed Combat
  1101 | D:2      | Reached XP level 4. HP: 41/41 MP: 4/4
  1148 | D:2      | Noticed Jessica
  1158 | D:2      | Killed Jessica
  1456 | D:3      | Reached skill level 5 in Unarmed Combat
  1549 | D:3      | Noticed skk's ghost (weakling DsGl)
  1557 | D:3      | HP: 2/41 [skk's ghost (12)]
  1637 | D:3      | Found a snail-covered altar of Cheibriados.
  1648 | D:3      | Learned a level 2 spell: Blink
  1670 | D:3      | Reached XP level 5. HP: 33/48 MP: 5/5
  1793 | D:3      | Noticed Natasha
  1806 | D:3      | Killed Natasha
  1866 | D:3      | Reached skill level 6 in Unarmed Combat
  1992 | D:3      | Found a faded altar to an unknown god.
  1996 | D:3      | Noticed Natasha
  2000 | D:3      | Killed Natasha
  2188 | D:3      | Found a burning altar of Makhleb.
  2203 | D:3      | Reached XP level 6. HP: 44/59 MP: 6/6
  2300 | D:3      | Noticed Natasha
  2312 | D:3      | Killed Natasha
  2470 | D:4      | Noticed a sky beast
  2589 | D:3      | Killed a sky beast
  2589 | D:3      | Reached XP level 7. HP: 25/70 MP: 7/7
  2762 | D:4      | Noticed Pikel
  3070 | D:4      | Killed Pikel
  3070 | D:4      | Reached XP level 8. HP: 83/83 MP: 8/8
  3376 | D:4      | Noticed Menkaure
  3382 | D:4      | Killed Menkaure
  3560 | D:5      | Entered Level 5 of the Dungeon
  3581 | D:5      | Found an opulent altar of Gozag.
  3775 | D:5      | Noticed George's ghost (novice FoFi)
  3876 | D:3      | Killed skk's ghost
  3917 | D:5      | Reached skill level 7 in Unarmed Combat
  3945 | D:5      | Found a staircase to the Ecumenical Temple.
  3950 | Temple   | Entered the Ecumenical Temple
  4009 | Temple   | Became a worshipper of Warmaster Okawaru
  4243 | D:5      | Killed George's ghost
  4243 | D:5      | Reached skill level 8 in Unarmed Combat
  4243 | D:5      | Reached XP level 9. HP: 23/93 MP: 9/9
  4784 | D:6      | Reached skill level 9 in Unarmed Combat
  4826 | D:6      | Reached * piety under Okawaru
  4976 | D:6      | Found a burning altar of Makhleb.
  4976 | D:6      | Noticed a balrug
  4980 | D:6      | Noticed an orange demon
  5011 | D:6      | Noticed Blork the orc
  5019 | D:6      | Killed Blork the orc
  5039 | D:6      | Found Intab's Weapon Shoppe.
  5207 | D:6      | Reached skill level 10 in Unarmed Combat
  5473 | D:6      | Reached ** piety under Okawaru
  5633 | D:6      | Reached skill level 1 in Throwing
  5858 | D:7      | Noticed skk's ghost (novice MiFi)
  6476 | D:7      | Got a slimy bronze amulet
  6478 | D:7      | Identified the amulet of Dithmenos's Pride {Reflect rElec rC- Str+6 SH+3} (You found it on level 7 of the Dungeon)
  6482 | D:7      | Learned a level 2 spell: Shroud of Golubria
  6486 | D:7      | Learned a level 3 spell: Portal Projectile
  6805 | D:8      | Found a shattered altar of Ashenzari.
  6855 | D:8      | Found a glowing silver altar of Zin.
  6989 | D:8      | Reached skill level 1 in Invocations
  7301 | D:8      | Found a staircase to the Lair.
  7377 | D:8      | Reached XP level 10. HP: 102/102 MP: 10/10
  7549 | D:8      | Found an opulent altar of Gozag.
  7600 | D:8      | Found a bloodstained altar of Trog.
  7603 | D:8      | Found a white marble altar of Elyvilon.
  7606 | D:8      | Found an ancient bone altar of Kikubaaqudgha.
  7699 | D:9      | Noticed Prince Ribbit
  7963 | D:9      | Noticed Erica
  7976 | D:9      | Killed Erica
  7976 | D:9      | Reached *** piety under Okawaru
  8118 | D:9      | Noticed a five-headed hydra
  8253 | D:9      | Found an oddly glowing altar of Pakellas.
  8264 | D:9      | Killed Prince Ribbit
  8289 | D:9      | Noticed an oklob plant
  8295 | D:9      | Slain by a five-headed hydra

Vault maps used:
D:1:      grunt_arrival_lava_bath, minmay_vboxes
D:2:      uniq_jessica
D:3:      demons_altar, cheibriados_altar_1, serial_forest,
          infiniplex_forest_clump_small, infiniplex_forest_lined_2,
          infiniplex_forest_zigzag_1, infiniplex_forest_side_room,
          infiniplex_forest_lined_3, infiniplex_forest_lined_3,
          infiniplex_forest_clump_double, first_bread, ecumenical_altar_2,
          uniq_natasha
D:4:      uniq_menkaure, uniq_pikel
D:5:      temple_statues, nicolae_gozag_cash_rules_everything_around_me
D:6:      serial_shops, kennysheep_mini, hex_large, makhleb_altar_promises_db,
          uniq_blork_the_orc
D:7:      patterned_corridor
D:8:      old_standard_altar, kennysheep_mini_moat, old_standard_altar,
          grunt_temple_overflow_diamond, grunt_pizzeria
D:9:      lemuel_oklob_altar, uniq_prince_ribbit1, uniq_erica
Temple:   zaba_magenta_temple_12

Skill      XL: |  1  2  3  4  5  6  7  8  9 10 |
---------------+-------------------------------+-----
Unarmed Combat | 3 4 5 6 8 10 | 10.7
Fighting       | 2 4 6 7 |  7.0
Throwing       | 2 3 |  3.9
Invocations    | 2 3 |  3.9
Translocations | 3 4 |  4.0
Dodging        | |  1.9
Spellcasting   | |  1.2

Action                   |  1- 3 |  4- 6 |  7- 9 | 10-12 || total
-------------------------+-------+-------+-------+-------++-------
Melee: Unarmed           |   117 |   154 |   364 |    44 ||   679
       Halberd           |       |     2 |       |       ||     2
Throw: Tomahawk          |     3 |     1 |    19 |     7 ||    30
       Stone             |     2 |    12 |    12 |       ||    26
 Cast: Apportation       |     2 |       |       |       ||     2
       Blink             |       |       |     2 |     3 ||     5
Evoke: Wand              |       |       |       |     4 ||     4
  Use: Scroll            |       |       |     7 |     3 ||    10
 Stab: Sleeping          |       |       |       |     1 ||     1
  Eat: Chunk             |    15 |    12 |    46 |     7 ||    80
